 Dungeon Crawl Stone Soup version 0.28.0-47-ge53b351184 (webtiles) character file.

Game seed: 4226910611743383407

77 unlimited1921 the Magician (level 4, 0/32 HPs)
             Began as a Djinni Fire Elementalist on Apr 26, 2022.
             Slain by a goblin
             ... wielding a +0 dagger
             ... led by Robin
              (1 damage)
             ... on level 2 of the Dungeon.
             The game lasted 00:07:29 (3994 turns).

unlimited1921 the Magician (DjFE)                   Turns: 3994, Time: 00:07:29

Health: 0/32       AC:  0    Str:  7    XL:     4   Next: 58%
Gold:   56         EV: 12    Int: 19    God:
                   SH:  0    Dex: 13

rFire   + + .      SeeInvis .   (no weapon)
rCold   x . .      Faith    .   (no shield)
rNeg    . . .      Spirit   .   (no armour)
rPois   ∞          Reflect  .   (no helmet)
rElec   .          Harm     .   (no cloak)
rCorr   .          Rampage  .   (no gloves)
Will    .....                   (boots unavailable)
Stlth   +.........              (no amulet)
HPRegen 0.10/turn               (no ring)
MPRegen 0.00/turn               (no ring)

@: silenced, flying
A: sickness immunity, fire resistance 2, cold vulnerability 1, float, innate
caster, HP casting, extra vitality 1
a: no special abilities


You were on level 2 of the Dungeon.
You visited 1 branch of the dungeon, and saw 2 of its levels.

You collected 56 gold pieces.

Inventory:

Hand Weapons
 b - a +0 flail
 e - a +0 dagger of venom
 o - a +0 short sword
Missiles
 c - 98 stones
 g - 3 silver boomerangs
 j - 6 poisoned darts
 l - 23 bolts
 n - 23 sling bullets
Armour
 a - a +0 robe
 p - a +0 scale mail
 q - the +4 ring mail of Fiexkoc {Fly rElec rF- Dex+8}
   (You found it on level 2 of the Dungeon)

   Dex:       It affects your dexterity (+8).
   rF:        It makes you vulnerable to fire.
   rElec:     It insulates you from electricity.
   Fly:       It grants you flight.
Scrolls
 r - 2 scrolls of silence
 s - a scroll of acquirement {unknown}
Potions
 d - a potion of curing {unknown}
 f - a potion of degeneration {unknown}
 h - a potion of haste {unknown}
 i - a potion of flight {unknown}
 k - a potion of heal wounds {unknown}
 m - 3 potions of mutation {unknown}


   Skills:
 * Level 1.2 Fighting
 * Level 0.2 Armour
 + Level 2.5 Dodging
 + Level 2.3 Stealth
 + Level 3.2 Spellcasting


You couldn't memorise any spells.
You knew the following spells:

 Your Spells              Type           Power      Damage    Failure   Level
a - Foxfire               Conj/Fire      60%        2x1d7     4%          1
b - Scorch                Fire           30%        2d7       6%          2
c - Conjure Flame         Conj/Fire      15%        6-21      12%         3
d - Inner Flame           Hex/Fire       15%        N/A       12%         3
e - Flame Wave            Conj/Fire      15%        2d6       36%         4
f - Pain                  Necr           60%        1d7       4%          1
Your spell library was empty.

Dungeon Overview and Level Annotations

Branches:
Dungeon (2/15)

Altars:

Annotations:
D:2 Jessica


Innate Abilities, Weirdness & Mutations

You are immune to sickness and miasma.
You are immune to poison.
Your flesh is very heat resistant. (rF++)
You are vulnerable to cold. (rC-)
You float through the air rather than walking.
You learn spells naturally, not from books.
Your magical power is your life essence.
You have superior vitality. (+4 MHP)


Message History

You hear a shout!
Casting: Scorch (safe; 6% risk of failure)
Confirm with . or Enter, or press ? or * to list all spells.
Flames lash Robin.
Robin is severely wounded.
Robin's fire resistance burns away.
Robin throws the goblin at you!
Casting: Scorch (safe; 6% risk of failure)
Confirm with . or Enter, or press ? or * to list all spells.
Flames lash Robin.
Robin is burned terribly!
You kill Robin!
The goblin hits you with a +0 dagger.
* * * LOW HITPOINT WARNING * * *
A kobold comes into view. It is wielding a +0 dagger.
Jessica the Apprentice Sorceress comes into view.
She is wielding a +0 dagger.
Jessica shouts!
The goblin misses you. The goblin barely misses you.
The kobold hits you with a +0 dagger.
* * * LOW HITPOINT WARNING * * *
Jessica gestures wildly while chanting.
Jessica blinks!
As you read the scroll labelled OWEASK KALAO, it crumbles to dust.
A profound silence engulfs you.
It was a scroll of silence.
The hobgoblin barely misses you.
The goblin no longer looks unusually strong.
Your magical contamination has completely faded away.
The hobgoblin hits you.
* * * LOW HITPOINT WARNING * * *
The hobgoblin no longer looks unusually strong.
Jessica casts a spell.
Jessica blinks!
The goblin no longer looks unusually strong.
Jessica casts a spell.
Jessica blinks!
The hobgoblin hits you.
* * * LOW HITPOINT WARNING * * *
Jessica barely misses you. The goblin hits you with a +0 dagger.
* * * LOW HITPOINT WARNING * * *
The goblin hits you with a +0 dagger.
You die...

#### ##### ...# #####
#..<# ...#### #...#
#...### ......# ≈≈≈
#.....#### ...####
... ###........# ...#
#.# #..@....##.#
.##########.#
##.g..####.#
.÷.......##.# #@gK.#
#.########
.######.....####.#g##
#......... ##
#...........#.#
#........#
#.†..########.#
#.######.# #.#.###
##.# #.# #.# #.#...#
#..# #.# #.# #.###.#
#.## #.# #.# #.# #.#
##.## #.# #.# #.#
#.#####...#####.# #.#


You could see Jessica, a hobgoblin, 2 goblins and a kobold.

Vanquished Creatures
  Robin (D:2)
  A gnoll (D:1)
  An adder (D:2)
  A bat (D:1)
  6 endoplasms
  12 goblins
  4 hobgoblins
  2 jackals (D:1)
  3 kobolds (D:1)
  2 quokkas (D:1)
  3 ball pythons
  A frilled lizard (D:1)
  6 rats (D:1)
43 creatures vanquished.

Vanquished Creatures (collateral kills)
  A foxfire (D:2)
1 creature vanquished.

Vanquished Creatures (others)
  150 foxfires
  6 plants (D:1)
156 creatures vanquished.

Grand Total: 200 creatures vanquished

Notes
Turn   | Place    | Note
-------+----------+-------------------------------------------
     0 | D:1      | unlimited1921 the Djinni Fire Elementalist began the quest
                  | for the Orb.
     0 | D:1      | Reached XP level 1. HP: 15/15 MP: 0/0
   252 | D:1      | Reached XP level 2. HP: 11/22 MP: 0/0
   667 | D:1      | Found a faded altar of an unknown god.
  1102 | D:1      | Reached XP level 3. HP: 24/26 MP: 0/0
  1102 | D:1      | Learned a level 1 spell: Pain
  1829 | D:1      | Reached skill level 3 in Spellcasting
  2005 | D:1      | Reached skill level 1 in Fighting
  3430 | D:2      | Identified the +4 ring mail of Fiexkoc {Fly rElec rF-
                  | Dex+8}
  3553 | D:2      | Reached XP level 4. HP: 23/32 MP: 0/0
  3957 | D:2      | Noticed Robin
  3968 | D:2      | Killed Robin
  3969 | D:2      | Noticed Jessica
  3993 | D:2      | HP: 1/32 [goblin/+0 dagger[Robin] (2)]
  3994 | D:2      | Slain by a goblin

Illustrated notes

Levels and vault maps discovered:
D:1:      minmay_arrival_shoal_huts, layout_basic,
          hellmonk_ecumenical_altar_prayer_group, nicolae_grassy_gnolls
D:2:      layout_loops_ring, serial_rivers, chequers_serial_rivers_room_a,
          chequers_serial_rivers_small_3, chequers_serial_rivers_room_a,
          chequers_serial_rivers_micro_a, chequers_serial_rivers_micro_b,
          uniq_robin, uniq_jessica

Skill      XL: |  1  2  3  4 |
---------------+-------------+-----
Spellcasting   | 3 |  3.2
Fighting       | 1 |  1.2
Stealth        | 2 |  2.3
Armour         | |  0.2
Dodging        | |  2.5

Action                   |  1- 3 |  4- 6 || total
-------------------------+-------+-------++-------
 Cast: Foxfire           |    82 |    11 ||    93
       Scorch            |     5 |     5 ||    10
  Use: Scroll            |       |     1 ||     1
Dodge: Dodged            |     3 |     4 ||     7
